 Dungeon Crawl Stone Soup version 0.30.0-11-gf55b779eaf (webtiles) character file.

Game seed: 843456688786752041

7114 Jackthecabe the Covert (level 11, -2/60 HPs)
             Began as a Vine Stalker Brigand on May 16, 2023.
             Was a Priest of Wu Jian.
             Slain by a troll (11 damage)
             ... on level 9 of the Dungeon.
             The game lasted 00:27:55 (9094 turns).

Jackthecabe the Covert (Vine Stalker Brigand)       Turns: 9094, Time: 00:27:58

Health: -2/60      AC:  7    Str: 18    XL:     11   Next: 10%
Magic:  0/12       EV: 11    Int: 11    God:    Wu Jian [***...]
Gold:   499        SH:  0    Dex: 19    Spells: 10/10 levels left

rFire   . . .        Q - +3 rapier "Sarcophage" {heavy, rN+ Str+3 SInv Stlth-}
rCold   + . .        (no shield)
rNeg    + + .        b - +1 leather armour {rC+}
rPois   .            (no helmet)
rElec   .            c - +0 cloak
rCorr   .            (no gloves)
SInv    +            h - +1 pair of boots
Will    +....        x - amulet of the acrobat
Stlth   ++++         N - ring of positive energy
HPRegen 1.10/turn    (no ring)
MPRegen 0.13/turn

%: acrobat, guardian spirit
@: exhausted
A: fangs 3, regeneration 1, magic shield, antimagic bite, no potion heal 2
a: Renounce Religion, Wall Jump, Serpent's Lash


You were on level 9 of the Dungeon.
You worshipped Wu Jian.
Wu Jian was most pleased with you.
You visited 2 branches of the dungeon, and saw 11 of its levels.
You also visited: Ossuary.

You collected 499 gold pieces.


Innate Abilities, Weirdness & Mutations

You have razor-sharp teeth.
Your natural rate of healing is unusually fast.
When hurt, damage is shared between your health and your magic reserves.
Your bite disrupts and absorbs the magic of your enemies.
Potions cannot restore your health.


   Skills:
 - Level 8.1 Fighting
 + Level 10.0 Short Blades
 - Level 1.7 Throwing
 - Level 0.7 Dodging
 - Level 13.3 Stealth


You had 10 spell levels left.
You didn't know any spells.
Your spell library contained the following spells:

 Spells                   Type           Power      Damage    Failure   Level
 Beastly Appendage        Tmut           0%         N/A       38%         1
 Sting                    Tmut/Pois      0%         1d3       38%         1
 Poisonous Vapours        Pois/Air       0%         N/A       54%         2
 Wereblood                Tmut           0%         N/A       54%         2
 Spider Form              Tmut/Pois      0%         N/A       77%         3
 Stone Arrow              Conj/Erth      0%         3d7       77%         3
 Vhi's Electric Charge    Tloc/Air       0%         N/A       77%         3
 Volatile Blastmotes      Fire/Tloc      0%         2d10      77%         3
 Animate Armour           Summ/Erth      0%         N/A       99%         4
 Fulminant Prism          Conj/Hex       0%         3d5       99%         4
 Iskenderun's Mystic Bla  Conj/Tloc      0%         2d3       99%         4
 Olgreb's Toxic Radiance  Pois           0%         N/A       99%         4
 Arcjolt                  Conj/Air       0%         1d10      100%        5
 Lee's Rapid Deconstruct  Erth           0%         3d4*      100%        5
 Plasma Beam              Fire/Air       0%         2x1d11    100%        6
 Lehudib's Crystal Spear  Conj/Erth      0%         10d2      100%        8

Inventory:

Hand Weapons
 s - a +0 rapier
 B - a +2 dagger of freezing
 Q - the +3 rapier "Sarcophage" (weapon) {heavy, rN+ Str+3 SInv Stlth-}
   (You found it on level 9 of the Dungeon)

   Str:       It affects your strength (+3).
   rN:        It protects you from negative energy.
   SInv:      It lets you see invisible.
   Stlth:     It makes you less stealthy.
Missiles
 d - 7 poisoned darts (quivered)
 e - a curare-tipped dart {=f}
Armour
 b - a +1 leather armour of cold resistance (worn)
 c - a +0 cloak (worn)
 h - a +1 pair of boots (worn)
 o - a +0 pair of gloves
 D - a +0 leather armour of fire resistance
 J - a scarf of harm
Jewellery
 k - an amulet of magic regeneration
 x - an amulet of the acrobat (around neck)
 N - a ring of positive energy (left hand)
 S - a +6 ring of strength
Wands
 a - a wand of digging (3)
 I - a wand of flame (26)
 T - a wand of polymorph (3)
Scrolls
 g - 2 scrolls of vulnerability
 i - a scroll of brand weapon {unknown}
 l - 2 scrolls of enchant weapon
 r - 4 scrolls of enchant armour
 u - 3 scrolls of fog {unknown}
 w - a scroll of amnesia {unknown}
 y - a scroll of torment {unknown}
 A - a scroll of fear
 E - 2 scrolls of blinking {unknown}
 F - a scroll of silence {!r}
 G - 2 scrolls of teleportation {@r2}
 H - a scroll of poison {unknown}
 K - a scroll of immolation {unknown}
 M - a scroll of noise {unknown}
 O - 2 scrolls of magic mapping {unknown}
 P - a scroll of summoning {unknown}
 R - 2 scrolls of identify {@r1}
Potions
 f - 3 potions of curing {@q1}
 j - 3 potions of berserk rage {!q}
 m - a potion of degeneration
 n - 2 potions of might
 p - 3 potions of lignification
 q - 2 potions of invisibility
 t - 2 potions of magic {unknown}
 v - 5 potions of haste {unknown}
 z - a potion of attraction {unknown}
 C - 3 potions of mutation

Dungeon Overview and Level Annotations

Branches:
Dungeon (10/15)            Temple (1/1) D:4            Lair (0/5) D:8
    Orc (0/2) D:9         Ossuary (visited)

Altars:
Ashenzari
Cheibriados
Dithmenos
Elyvilon
Fedhas
Kikubaaqudgha
Makhleb
Nemelex Xobeh
Okawaru
Qazlal
Ru
Sif Muna
Uskayaw
Wu Jian
Xom
Yredelemnul
Zin
The Shining One

Shops:
D:1 *   D:2 [   D:4 :   D:7 :

Annotations:
D:8 1 runed translucent door, exclusion: door
D:9 exclusion: 3 doors

#.# #.K.### ##.#
#.# ###...# ##..#
#.## ###.# #..##
#.)# #.# ##.##
#####.#### #.#
#..# ##....)...#
####'## ###.####
..........#
#.....# ###.>..)..
##........#
#.....###.....))).
##...<........
#@....#...#.......
#........###.
+T....'.###.......
####.#####
#.....### #.......
#..# #...^.#
####.### ##.#
#####'## #..##
######+### #.....#
##.## .......#.#
###'######## #..#
######.#.#
#..........#
░░░░░.░ .......#.#
#..........#
#░.....░


You could see a troll.


Message History

You need to enable at least one skill for training.
Unknown command.
Throw: 3 darts (curare) {=f}
Press: ? - help, Shift-Dir - straight line, f - troll
Aim: a troll (sparse dust, heavily wounded, 65% to hit)
Okay, then.
Throw: throwing net {=f}
Press: ? - help, Shift-Dir - straight line, f - troll
Aim: a troll (sparse dust, heavily wounded, 65% to hit)
You throw a throwing net {=f}.
The throwing net {=f} closely misses the troll.
The troll closely misses you. The troll claws you.
* * * LOW HITPOINT WARNING * * *
The troll claws you!
* * * LOW HITPOINT WARNING * * *
Throw: 3 darts (curare) {=f}
Press: ? - help, Shift-Dir - straight line, f/p - troll
Aim: a troll (sparse dust, heavily wounded, 65% to hit)
You throw a curare-tipped dart {=f}.
The curare-tipped dart {=f} barely misses the troll.
The troll bites you!
* * * LOW HITPOINT WARNING * * *
The troll claws you but does no damage. The troll closely misses you.
Throw: 2 darts (curare) {=f}
Press: ? - help, Shift-Dir - straight line, f/p - troll
Aim: a troll (heavily wounded, 65% to hit)
You throw a curare-tipped dart {=f}.
The curare-tipped dart {=f} closely misses the troll.
The troll bites you!
You die...

Skill      XL: |  1  2  3  4  5  6  7  8  9 10 11 |
---------------+----------------------------------+-----
Fighting       | 2 3 4 5 6 8 |  8.1
Short Blades   | 2 3 4 5 6 8 9 10 | 10.0
Stealth        | 5 6 8 10 13 | 13.3
Throwing       | |  1.7
Dodging        | |  0.7

Action                     |  1- 3 |  4- 6 |  7- 9 | 10-12 || total
---------------------------+-------+-------+-------+-------++-------
  Melee: Dagger            |   112 |   159 |   435 |   284 ||   990
         Bite              |    28 |    37 |   159 |   108 ||   332
         Punch             |       |       |     3 |     3 ||     6
         Rapier            |       |       |       |    44 ||    44
  Throw: Dart              |       |    37 |    18 |    15 ||    70
         Throwing net      |       |       |       |     1 ||     1
 Invoke: Serpent's Lash    |       |       |       |     8 ||     8
Ability: Lunge             |       |       |    33 |    31 ||    64
         Whirlwind         |       |       |    14 |    11 ||    25
         Wall Jump         |       |       |       |     1 ||     1
  Evoke: Wand              |       |       |    20 |     1 ||    21
    Use: Scroll            |       |     6 |     7 |       ||    13
         Potion            |       |       |     1 |       ||     1
   Stab: Sleeping          |     7 |     5 |    23 |    16 ||    51
         Distracted        |     1 |     1 |     2 |     2 ||     6
 Armour: Robe              |    28 |       |       |       ||    28
         Leather armour    |     2 |    39 |   131 |    72 ||   244
  Dodge: Dodged            |    70 |    87 |   233 |   153 ||   543

Levels and vault maps discovered:
D:1:      lightli_arrival_lavapool, layout_basic, serial_shops, shop,
          st_stairs_6, minmay_pentomino_p4
D:2:      layout_basic, serial_shops, nicolae_shop_rolling_square
D:3:      layout_basic, st_stairs_8
D:4:      layout_basic, minmay_temple_entry_glass,
          nicolae_shop_i_like_big_books, uniq_blork_the_orc
D:5:      layout_basic, grunt_qazlal_sundering,
          grunt_dithmenos_smoke_and_mirrors, mainiacjoe_overflow_24_doors,
          hellmonk_bongcloud_opening
D:6:      layout_layer_cave, mainiacjoe_overflow_catwalk,
          kennysheep_generic_room_9
D:7:      layout_rooms, kennysheep_windowed_goal
D:8:      due_megacathedral, layout_cave_pools, erik_lair_island,
          nicolae_ossuary_entry_false_entrances, serial_bayou,
          serial_bayou_pond_a, serial_bayou_pond_a, serial_bayou_pond_e,
          serial_bayou_shore_b
D:9:      layout_roguey, nicolae_overflow_crystal_walls,
          mainiacjoe_overflow_chevrons, orc_0_dummy
D:10:     layout_roguey, overflow_temple_1_default, nicolae_overflow_squiral,
          nicolae_vehumet_altar_sigil
Temple:   nicolae_temple_slightly_damp_pantheon

Notes
Turn   | Place    | Note
-------+----------+-------------------------------------------
     0 | D:1      | Jackthecabe the Vine Stalker Brigand began the quest for
                  | the Orb.
     0 | D:1      | Reached XP level 1. HP: 11/11 MP: 2/2
    55 | D:1      | Found Caisidghu's Assorted Antiques.
    67 | D:1      | Reached skill level 2 in Fighting
    67 | D:1      | Reached skill level 2 in Short Blades
    92 | D:1      | Reached skill level 5 in Stealth
    92 | D:1      | Reached XP level 2. HP: 8/15 MP: 3/3
   297 | D:1      | Reached XP level 3. HP: 19/19 MP: 4/4
   951 | D:2      | Gained mutation: Your natural rate of healing is unusually
                  | fast. [Vine Stalker growth]
   951 | D:2      | Reached XP level 4. HP: 23/23 MP: 5/5
  1450 | D:2      | Found Zyemio's Armour Shoppe.
  1656 | D:3      | Reached skill level 3 in Fighting
  1656 | D:3      | Reached skill level 3 in Short Blades
  1829 | D:3      | Reached XP level 5. HP: 28/28 MP: 4/6
  2529 | D:3      | Reached XP level 6. HP: 31/33 MP: 5/7
  2637 | D:4      | Reached skill level 4 in Fighting
  2637 | D:4      | Reached skill level 6 in Stealth
  2664 | D:4      | Identified the +2 mace "Xeaxul" {distort, +Blink rF+ rN+
                  | Will-}
  2675 | D:4      | Noticed Blork the orc
  2689 | D:3      | Reached skill level 4 in Short Blades
  2934 | D:4      | Noticed a black bear
  2956 | D:4      | Killed a black bear
  2957 | D:4      | Reached XP level 7. HP: 38/38 MP: 8/8
  2969 | D:4      | Found a staircase to the Ecumenical Temple.
  2983 | Temple   | Entered the Ecumenical Temple
  3102 | Temple   | Became a worshipper of the Wu Jian Council
  3443 | D:4      | Found Finkimuv's Tremendous Tomes.
  3584 | D:4      | Reached skill level 5 in Fighting
  3584 | D:4      | Reached skill level 5 in Short Blades
  3653 | D:4      | Killed Blork the orc
  3706 | D:5      | Entered Level 5 of the Dungeon
  3719 | D:4      | Gained mutation: You have razor-sharp teeth. [Vine Stalker
                  | growth]
  3719 | D:4      | Reached XP level 8. HP: 43/43 MP: 7/9
  3739 | D:5      | Reached skill level 7 in Stealth
  3908 | D:5      | Found a glowing golden altar of the Shining One.
  4084 | D:5      | Found a shadowy altar of Dithmenos.
  4169 | D:5      | Found a stormy altar of Qazlal.
  4267 | D:5      | Reached * piety under Wu Jian
  4340 | D:5      | Reached skill level 6 in Fighting
  4340 | D:5      | Reached skill level 6 in Short Blades
  5320 | D:6      | Found a sparkling altar of Nemelex Xobeh.
  5708 | D:7      | Reached skill level 8 in Stealth
  5756 | D:6      | Reached XP level 9. HP: 42/49 MP: 10/10
  5787 | D:7      | Found Baceadob's Book Shop.
  5873 | D:7      | Reached skill level 7 in Fighting
  5873 | D:7      | Reached skill level 7 in Short Blades
  6357 | D:8      | Reached ** piety under Wu Jian
  6445 | D:8      | Found a staircase to the Lair.
  6453 | D:8      | Noticed a troll
  6465 | D:8      | Reached skill level 9 in Stealth
  6471 | D:8      | Killed a troll
  6472 | D:8      | Reached skill level 8 in Fighting
  6472 | D:8      | Reached skill level 8 in Short Blades
  6596 | D:8      | Reached skill level 10 in Stealth
  6605 | D:8      | Found a sand-covered staircase.
  6658 | Ossuary  | Entered an ossuary
  6705 | Ossuary  | Reached *** piety under Wu Jian
  6784 | Ossuary  | Reached XP level 10. HP: 56/56 MP: 11/11
  7160 | D:8      | Found a runed translucent door.
  7165 | D:8      | Reached **** piety under Wu Jian
  7193 | D:8      | Reached skill level 11 in Stealth
  7240 | D:8      | Found a shimmering blue altar of Sif Muna.
  7258 | D:8      | Noticed a flayed ghost
  7494 | D:9      | Found a staircase to the Orcish Mines.
  7507 | D:9      | Noticed a two-headed ogre
  7562 | D:9      | Killed a two-headed ogre
  7562 | D:9      | Reached skill level 12 in Stealth
  7616 | D:9      | Reached skill level 13 in Stealth
  7645 | D:9      | Identified the +3 rapier "Sarcophage" {heavy, rN+ Str+3
                  | SInv Stlth-}
  8031 | D:9      | Reached skill level 9 in Short Blades
  8129 | D:9      | Found an iron altar of Okawaru.
  8407 | D:9      | Reached XP level 11. HP: 60/60 MP: 12/12
  8970 | D:9      | Found a blossoming altar of Fedhas.
  9084 | D:10     | Entered Level 10 of the Dungeon
  9092 | D:9      | Reached skill level 10 in Short Blades
  9094 | D:9      | Slain by a troll

Vanquished Creatures
  A two-headed ogre (D:9)
  An unseen horror (D:9)
  A hornet (D:9)
  A troll (D:8)
  2 wraiths
  A fire bat (D:8)
  7 yaks (D:9)
  An ice beast (D:7)
  An orc warrior (D:9)
  A sky beast (D:6)
  4 black bears
  2 ogres
  5 centaurs
  A wolf (D:8)
  2 phantoms
  A kobold brigand (D:9)
  Blork the orc (D:4)
  2 bullfrogs
  4 scorpions
  A gnoll sergeant (D:7)
  5 wights (D:9)
  3 jellies
  18 killer bees
  3 electric eels (D:8)
  An orc priest (D:3)
  10 hounds
  3 gnoll boudas
  3 orc wizards
  A sleepcap (D:3)
  3 iguanas
  A mummy (Ossuary)
  25 gnolls
  4 adders
  A shadow imp (D:7)
  3 white imps
  An ufetubus (D:5)
  A worm (D:5)
  5 dart slugs
  34 orcs
  3 spectral bats (Ossuary)
  9 endoplasms
  4 giant cockroaches
  12 gnoll zombies (Ossuary)
  7 goblins
  3 hobgoblins
  12 jackals
  13 kobolds
  4 quokkas
  6 ball pythons
  21 bats
  6 bat simulacra (Ossuary)
  2 frilled lizards (D:2)
  2 goblin simulacra (Ossuary)
  7 goblin zombies (Ossuary)
  2 hobgoblin zombies (Ossuary)
  3 kobold simulacra (Ossuary)
  5 kobold zombies (Ossuary)
  4 orc zombies (Ossuary)
  7 rats
  3 rat simulacra (Ossuary)
  4 spectral goblins (Ossuary)
  2 spectral kobolds (Ossuary)
  A spectral rat (Ossuary)
307 creatures vanquished.

Vanquished Creatures (others)
  An orc wizard (D:7)
1 creature vanquished.

Grand Total: 308 creatures vanquished

Table legend: (Time is in decaauts)
 A = Elapsed time spent in this place.
 B = Non-inter-level travel time spent in this place.
 C = Inter-level travel time spent in this place.
 D = Time resting spent in this place.
 E = Time spent auto-exploring this place.
 F = Levels seen in this place.
 G = Mean time per level.
                   A        B        C        D        E       F      G
               +--------+--------+--------+--------+--------+-----+--------+
         Total |   8853 |   8394 |    459 |   1109 |   4564 |  12 |  737.8 |
       Dungeon |   8281 |   7867 |    414 |   1109 |   4376 |  10 |  828.1 |
        Temple |    233 |    188 |     45 |      0 |    174 |   1 |  233.0 |
       Ossuary |    337 |    337 |      0 |      0 |     14 |   1 |  337.0 |
               +--------+--------+--------+--------+--------+-----+--------+

Top non-repeatable levels by time:
     D:9: 1589 daAuts
     D:3: 1343 daAuts
     D:6: 1061 daAuts
     D:5: 840 daAuts
     D:8: 758 daAuts
     D:1: 738 daAuts
     D:2: 715 daAuts
     D:4: 647 daAuts
     D:7: 580 daAuts
 Ossuary: 337 daAuts
  Temple: 233 daAuts
    D:10: 5 daAuts

Table legend:
 A = Non-vault XP
 B = Vault XP
 C = Vault XP percentage of total XP
 D = Non-vault monster count
 E = Vault monster count
 F = Vault count percentage of total count
                 A         B        C        D         E       F
            +---------+---------+-------+---------+---------+-------
      Total |    8730 |    1434 |  14.1 |     234 |      73 |  23.8
            +---------+---------+-------+---------+---------+-------
        D:1 |      54 |       3 |   5.3 |      27 |       3 |  10.0
        D:2 |      50 |       0 |   0.0 |      19 |       0 |   0.0
        D:3 |     349 |       1 |   0.3 |      37 |       1 |   2.6
        D:4 |     647 |      96 |  12.9 |      20 |       1 |   4.8
        D:5 |     586 |       0 |   0.0 |      18 |       0 |   0.0
        D:6 |     340 |     239 |  41.3 |      12 |       2 |  14.3
        D:7 |     758 |     158 |  17.2 |      16 |       3 |  15.8
        D:8 |    1220 |     850 |  41.1 |      47 |       8 |  14.5
        D:9 |    4726 |       0 |   0.0 |      38 |       0 |   0.0
    Ossuary |       0 |      87 | 100.0 |       0 |      55 | 100.0
            +---------+---------+-------+---------+---------+-------
